 Dungeon Sprint DCSS version 0.29.1-2-gbd0b4ee654 (webtiles) character file.

Game seed: 9865715044245854420

414 Zeld the Cleaver (level 6, -5/62 HPs)
             Began as a Minotaur Berserker on Oct 25, 2022.
             Was a Priest of Trog.
             Killed from afar by a burning bush (19 damage)
             ... with a puff of flame
             ... in the Dungeon (Sprint IV: "Fedhas' Mad Dash").
             The game lasted 00:01:21 (1495 turns).

Zeld the Cleaver (Minotaur Berserker)               Turns: 1495, Time: 00:01:22

Health: -5/62      AC:  2    Str: 24    XL:     6   Next: 60%
Magic:  5/5        EV: 14    Int:  4    God:    Trog [***...]
Gold:   11         SH:  0    Dex:  9    Spells: 5/5 levels left

rFire   . . .      SeeInvis .   a - +0 hand axe
rCold   . . .      Faith    .   (no shield)
rNeg    . . .      Spirit   .   b - +0 animal skin
rPois   .          Reflect  .   (helmet restricted)
rElec   .          Harm     .   (no cloak)
rCorr   .          Rampage  .   (no gloves)
Will    .....      NoTele   +   (no boots)
Stlth   +.........              k - amulet of invisibility {+Inv}
HPRegen 0.20/turn               (no ring)
MPRegen 0.09/turn               (no ring)

@: no status effects
A: horns 2, retaliatory headbutt
a: Renounce Religion, Evoke Invisibility, Berserk, Trog's Hand


You were in the Dungeon.
You worshipped Trog.
Trog was most pleased with you.
You visited 1 branch You collected 77 gold pieces.
You spent 66 gold pieces at shops.

Inventory:

Hand Weapons
 a - a +0 hand axe (weapon)
Armour
 b - a +0 animal skin (worn)
Jewellery
 k - the amulet of invisibility (around neck) {+Inv}
   (You found it in the Dungeon)

   [amulet of nothing]

   +Inv:      It lets you turn invisible.
Scrolls
 i - 5 scrolls of identify {unknown}
Potions
 d - 2 potions of heal wounds
 e - a potion of haste
 f - 2 potions of magic
 g - a potion of berserk rage
 j - 2 potions of might {unknown}


   Skills:
 + Level 8.5 Fighting
 * Level 11.4 Axes
 + Level 8.0 Armour
 + Level 7.3 Dodging


You had 5 spell levels left.
You didn't know any spells.
Your spell library was empty.

Dungeon Overview and Level Annotations

Branches:
Dungeon (1/1)

Altars:
Cheibriados
Dithmenos
Elyvilon
Gozag
Hepliaklqana
Kikubaaqudgha
Makhleb
Nemelex Xobeh
Okawaru
Qazlal
Ru
Sif Muna
Trog
Uskayaw
Vehumet
Wu Jian
Xom
Yredelemnul
Zin
The Shining One
Jiyva
Lugonu

Shops:
D **


Innate Abilities, Weirdness & Mutations

You have a pair of horns on your head.
You reflexively headbutt those who attack you in melee.


Message History

You destroy the wandering mushroom!
Trog accepts your kill.
Your Axes skill increases to level 11!
Your Armour skill increases to level 8!
The burning bush throws fire at you. The puff of flame hits you!!
* * * LOW HITPOINT WARNING * * *
There is an open door here.
Which direction?
You close the door.
You start resting.
You feel yourself speed up.
You start resting.
You recover from your berserk rage.
You start resting.
You start resting.
HP restored.
You start waiting.
Done waiting.
You open the door.
There is an open door here.
The burning bush throws fire at you. The puff of flame hits you!
The wandering mushroom releases spores at you!
You are engulfed in a cloud of spores!
You hit the wandering mushroom but do no damage.
The wandering mushroom releases spores at you!
You are engulfed in a cloud of spores!
You are confused.
You are too injured to fight recklessly!
You are too injured to fight recklessly!
You bump into the stone wall.
You feel less confused.
The wandering mushroom closely misses you.
You furiously retaliate!
You headbutt the wandering mushroom! The burning bush throws fire at you.
The puff of flame hits you!
* * * LOW HITPOINT WARNING * * *
The burning bush throws fire at you. The puff of flame hits you!!
You die...

#####################
_._._.⌠.#..')..#....#
._._._..'..#)..#.f.P+
_._._...#..###'##.)=#
._._._..#..##∩∩.@...#
_._._.⌠.#############
#########


You could see a wandering mushroom and a burning bush.

Vanquished Creatures
  A wandering mushroom (D)
  3 scorpions (D)
  3 oklob saplings (D)
  2 spriggans (D)
  A river rat (D)
  A rat (D)
11 creatures vanquished.

Notes
Turn   | Place    | Note
-------+----------+-------------------------------------------
     0 | D        | Zeld the Minotaur Berserker began the quest for the Orb.
     0 | D        | Reached XP level 1. HP: 19/19 MP: 0/0
     8 | D        | Reached skill level 4 in Axes
     8 | D        | Reached XP level 2. HP: 27/27 MP: 1/1
   189 | D        | Noticed an oklob sapling
   190 | D        | Killed an oklob sapling
   190 | D        | Reached ** piety under Trog
   191 | D        | Reached skill level 6 in Axes
   191 | D        | Reached XP level 3. HP: 35/35 MP: 2/2
   192 | D        | Noticed a scorpion
   192 | D        | Found the amulet of invisibility {+Inv}
   195 | D        | Killed a scorpion
   196 | D        | Reached skill level 5 in Fighting
   196 | D        | Reached skill level 7 in Axes
   196 | D        | Reached skill level 5 in Armour
   196 | D        | Reached XP level 4. HP: 44/44 MP: 3/3
   445 | D        | Found an opulent altar of Gozag.
   445 | D        | Found a hazy altar of Hepliaklqana.
   445 | D        | Found a burning altar of Makhleb.
   445 | D        | Found a sparkling altar of Nemelex Xobeh.
   445 | D        | Found a snail-covered altar of Cheibriados.
   445 | D        | Found a sacrificial altar of Ru.
   445 | D        | Found a shimmering blue altar of Sif Muna.
   445 | D        | Found a shimmering altar of Xom.
   445 | D        | Found a basalt altar of Yredelemnul.
   446 | D        | Found a viscous altar of Jiyva.
   446 | D        | Found a bloodstained altar of Trog.
   446 | D        | Found an ornate altar of the Wu Jian Council.
   447 | D        | Found an iron altar of Okawaru.
   447 | D        | Found a shadowy altar of Dithmenos.
   447 | D        | Found a glowing silver altar of Zin.
   448 | D        | Found an ancient bone altar of Kikubaaqudgha.
   448 | D        | Found a hide-covered altar of Uskayaw.
   449 | D        | Found a stormy altar of Qazlal.
   449 | D        | Found a white marble altar of Elyvilon.
   449 | D        | Found a glowing golden altar of the Shining One.
   450 | D        | Found a corrupted altar of Lugonu.
   450 | D        | Found a radiant altar of Vehumet.
   460 | D        | Reached skill level 8 in Axes
   460 | D        | Reached skill level 5 in Dodging
   460 | D        | Reached XP level 5. HP: 28/51 MP: 2/4
   651 | D        | Reached skill level 9 in Axes
   686 | D        | Reached skill level 10 in Axes
   688 | D        | Reached *** piety under Trog
   689 | D        | Reached XP level 6. HP: 45/60 MP: 5/5
   962 | D        | Found Zunaen's Assorted Antiques.
   962 | D        | Found Icrev's Assorted Antiques.
   965 | D        | Bought a pink potion for 21 gold pieces
   965 | D        | Bought a pink potion for 21 gold pieces
   965 | D        | Bought a scroll labelled AMPIESK WOUROM for 24 gold pieces
  1069 | D        | Noticed a burning bush
  1069 | D        | Noticed a wandering mushroom
  1070 | D        | Noticed a wandering mushroom
  1127 | D        | Reached skill level 11 in Axes
  1495 | D        | Killed from afar by a burning bush

Illustrated notes

Levels and vault maps discovered:
D:        dungeon_sprint_fedhas [sprint_temple]

Skill      XL: |  1  2  3  4  5  6 |
---------------+-------------------+-----
Fighting       | 4 5 6 7 8 |  8.5
Axes           | 4 6 7 8 10 11 | 11.4
Armour         | 3 4 5 6 7 8 |  8.0
Dodging        | 3 4 5 6 7 |  7.3

Action                   |  1- 3 |  4- 6 || total
-------------------------+-------+-------++-------
Melee: Hand axe          |     6 |    28 ||    34
       Headbutt          |     2 |     7 ||     9
Invok: Berserk           |     2 |     4 ||     6
 Abil: Evoke Invisibilit |       |     2 ||     2
  Use: Potion            |       |     2 ||     2
       Scroll            |       |     1 ||     1
 Stab: Sleeping          |       |     1 ||     1
Dodge: Dodged            |     1 |    14 ||    15
